Description

This build order is very greedy: You play with only 1 gateway until 5min then you start a massive gateway production. The 2 fast forge will give you the opportunity to play a sold late game.

This replay comes from a ladder game.

Notes :

  • Start with a standard 1 gate expand
  • Only play with 2 gas
  • You can play with 2 cannons before third base if you play against a 1-1-1
  • Do you robo after your massive production
  • Always chronoboost your twilight council: Blink then Charge
  • Put some pylons in the map to see drops coming

VOD

https://youtu.be/5oQyyurjmQk

Replay - llllllllllll v Teletubby - Acropolis LE

Build Order

Get SALT Encoding   

  12  0:01  Probe  
  13  0:13  Probe  
  14  0:17  Pylon  
  14  0:22  Probe  
  15  0:31  Probe  
  15  0:37  Gateway  
  15  0:41  Probe  
  16  0:46  Assimilator  
  17  0:53  Probe  
  18  1:01  Probe  
  18  1:09  Probe  
  20  1:24  Nexus  
  20  1:33  Cybernetics Core  
  20  1:36  Probe  
  21  1:42  Assimilator  
  21  1:48  Probe  
  21  1:52  Pylon  
  22  2:00  Stalker  
  23  2:11  Warp Gate  
  25  2:25  Twilight Council  
  26  2:34  Stalker  
  30  2:49  Blink  
  32  3:04  Stalker  
  40  3:34  Stalker  
  40  3:36  Forge x2  
  45  3:58  Pylon  
  46  4:10  Nexus  
  46  4:13  Pylon  
  46  4:22  Stalker  
  50  4:32  Protoss Ground Armor Level 1, Protoss Ground Weapons Level 1  
  50  4:34  Pylon  
  52  4:40  Charge  
  52  4:42  Gateway x2  
  52  4:46  Stalker  
  56  4:53  Photon Cannon x2  
  58  5:17  Robotics Facility  
  60  5:25  Stalker  
  63  5:33  Gateway  
  64  5:38  Gateway  
  67  5:42  Zealot x2  
  70  6:00  Zealot  
  70  6:03  Gateway  
  72  6:06  Zealot x2  
  76  6:15  Shield Battery x2  
  76  6:21  Gateway x2  
  76  6:22  Observer  
  80  6:27  Zealot x4  
  80  6:30  Protoss Ground Weapons Level 2  
  80  6:32  Protoss Ground Armor Level 2  
  85  6:40  Zealot  
  74  7:24  Immortal  
  82  7:51  Stalker x2  
  80  8:07  Gateway x2  
  80  8:11  Observer  
  105  9:09  Stalker  
  103  9:22  Warp Prism  
  115  9:39  Templar Archives  
  115  9:42  Robotics Facility  
  115  9:45  Robotics Bay  
  115  9:49  Assimilator x2  
Spawning Tool Build Advisor. Get it on Overwolf

Go to:

Details

  • Created by: zuka      
  • Published on: Jul 19, 2019
  • Modified on: Aug 02, 2019
  • Patch: 4.7.1
  • Difficulty: Easy
Show
View Real Time Build Order
Export as new Build Order

Comments (0)

There are no comments. Be the first!

Create an account to comment!